[Event "Titled Tuesday Blitz March 29 Early 2022"]
[White "Sapunov, Evgeny"]
[Black "Zhigalko, Sergei"]
[WhiteFideId "4126661"]
[BlackFideId "13502956"]
[WhiteElo "2470"]
[BlackElo "2662"]
[Result "1-0"]
[Round "06"]
[TimeControl "180+1"]
[Date "2022.03.29"]
[WhiteClock "0:00:16"]
[BlackClock "0:00:01"]

1. c4 e5 2. Nf3 e4 3. Nd4 Nf6 4. Nc2 Nc6 5. Nc3 Bc5 6. g3 O-O 7. Bg2 Re8 8. O-O d6 9. Ne3 a5 10. b3 Qe7 11. d3 Bd4 12. Ned5 Nxd5 13. Nxd5 Qd8 14. Rb1 exd3 15. Qxd3 Bg4 16. e3 Bc5 17. Bb2 Ne5 18. Qc3 c6 19. Nf4 Qg5 20. h3 Bf3 21. h4 Qh6 22. Bxf3 Nxf3+ 23. Kg2 Bb4 24. Qxg7+ Qxg7 25. Bxg7 Nd2 26. Bb2 h6 27. Rbd1 Nxf1 28. Kxf1 Bc5 29. Bc3 Re4 30. Nh5 Re6 31. Kg2 Bb4 32. Bb2 Bc5 33. Bc3 Bb4 34. Bb2 Bc5 35. a4 Ra6 36. Kf3 Rb6 37. Rd3 Kf8 38. Nf4 Re8 39. g4 Ke7 40. h5 Rg8 41. Ne2 Rg5 42. Ng3 Ke6 43. e4 Ra6 44. Bc1 Ra8 45. Nf5 Rh8 46. Nxh6 Rg7 47. Nf5 Rgh7 48. h6 Rd8 49. Bf4 f6 50. Kg3 Rdd7 51. f3 Rd8 52. Kh4 d5 53. Kh5 1-0


[Site "https://www.chess.com"]

[Event "Titled Tuesday Blitz March 29 Early 2022"]
[White "Sarana, Alexey"]
[Black "Shuvalova, Polina"]
[WhiteFideId "24133795"]
[BlackFideId "24171760"]
[WhiteElo "2666"]
[BlackElo "2355"]
[Result "1-0"]
[Round "06"]
[TimeControl "180+1"]
[Date "2022.03.29"]
[WhiteClock "0:01:24"]
[BlackClock "0:00:15"]

1. d4 Nf6 2. c4 e6 3. Nc3 Bb4 4. e3 O-O 5. Bd3 d5 6. a3 Bxc3+ 7. bxc3 dxc4 8. Bxc4 c5 9. Ne2 Qc7 10. Bd3 b6 11. e4 Ba6 12. O-O Bxd3 13. Qxd3 Rd8 14. Bg5 Nc6 15. Bxf6 gxf6 16. Rad1 cxd4 17. cxd4 Qe7 18. Qe3 Kh8 19. Nf4 Rg8 20. d5 Ne5 21. d6 Qd7 22. Nh5 Rg6 23. f4 Ng4 24. Qd3 Rh6 25. h3 Rxh5 26. hxg4 Rc5 27. Qd4 e5 28. fxe5 fxe5 29. Qf2 Qxg4 30. d7 Qg5 31. Qxf7 Rg8 32. Qxg8+ 1-0


[Site "https://www.chess.com"]

[Event "Titled Tuesday Blitz March 29 Early 2022"]
[White "Sarkar, Justin"]
[Black "Smietanska, Wiktoria"]
[WhiteFideId "2010011"]
[BlackFideId "21869359"]
[WhiteElo "2038"]
[BlackElo "1893"]
[Result "1-0"]
[Round "06"]
[TimeControl "180+1"]
[Date "2022.03.30"]
[WhiteClock "0:00:31"]
[BlackClock "0:01:45"]

1. e4 c5 2. Nf3 d6 3. d4 cxd4 4. Nxd4 Nf6 5. Nc3 g6 6. Be3 Bg7 7. f3 O-O 8. Qd2 a6 9. O-O-O b5 10. g4 Qc7 11. h4 b4 12. Nd5 Nxd5 13. exd5 Bb7 14. Bh6 Rc8 15. Bxg7 Kxg7 16. h5 Rh8 17. hxg6 hxg6 18. Nf5+ gxf5 19. Qg5+ Kf8 20. Rxh8# 1-0


[Site "https://www.chess.com"]

[Event "Titled Tuesday Blitz March 29 Early 2022"]
[White "Schut, Han"]
[Black "Shuvalov, Evgenij"]
[WhiteFideId "1005561"]
[BlackFideId "4187237"]
[WhiteElo "2057"]
[BlackElo "2151"]
[Result "0-1"]
[Round "06"]
[TimeControl "180+1"]
[Date "2022.03.30"]
[WhiteClock "0:00:01"]
[BlackClock "0:00:18"]

1. e4 e6 2. d4 d5 3. e5 c5 4. c3 Nc6 5. Nf3 Qb6 6. Be2 Nh6 7. Bd3 cxd4 8. O-O Bd7 9. Re1 Rc8 10. a3 a6 11. b4 dxc3 12. Nxc3 Nxb4 13. Na4 Bxa4 14. Qxa4+ Nc6 15. Rb1 Qc7 16. Be3 Qd7 17. Qb3 b5 18. a4 Na5 19. Qd1 Nc4 20. axb5 axb5 21. Nd4 b4 22. Bxh6 gxh6 23. Qh5 Rb8 24. Red1 Na3 25. Rb2 Bg7 0-1


[Site "https://www.chess.com"]

[Event "Titled Tuesday Blitz March 29 Early 2022"]
[White "Secer, Ata"]
[Black "Lauridsen, Jesper Morch"]
[WhiteFideId "6303293"]
[BlackFideId "1401890"]
[WhiteElo "2282"]
[BlackElo "2307"]
[Result "0-1"]
[Round "06"]
[TimeControl "180+1"]
[Date "2022.03.30"]
[WhiteClock "0:00:08"]
[BlackClock "0:00:02"]

1. e4 e5 2. Nf3 Nf6 3. Nxe5 d6 4. Nf3 Nxe4 5. Nc3 Nxc3 6. dxc3 Be7 7. Bf4 O-O 8. Qd2 Nd7 9. O-O-O Nc5 10. Be3 Ne4 11. Qd4 Bf5 12. Qd5 Bg6 13. Qxb7 Rb8 14. Qc6 f5 15. Nd4 Rb6 16. Qd5+ Bf7 17. Qxf5 d5 18. f3 Nd6 19. Qh3 Qb8 20. b3 c5 21. Ne6 Nc4 22. Bxc4 dxc4 23. Nxf8 cxb3 24. Qxh7+ Kxf8 25. cxb3 Qe5 26. Qd3 c4 27. Qd4 Ba3+ 28. Kb1 Bg6+ 29. Ka1 cxb3 30. axb3 Qa5 31. Qd8+ Kf7 32. Bxb6 Qxc3+ 33. Ka2 Qb2# 0-1


[Site "https://www.chess.com"]

[Event "Titled Tuesday Blitz March 29 Early 2022"]
[White "Silva, Mariana Sofia T."]
[Black "Namitbir Singh Walia"]
[WhiteFideId "1911899"]
[BlackFideId "35071068"]
[WhiteElo "1825"]
[BlackElo "1565"]
[Result "0-1"]
[Round "06"]
[TimeControl "180+1"]
[Date "2022.03.30"]
[WhiteClock "0:00:14"]
[BlackClock "0:01:03"]

1. d4 d5 2. c4 c6 3. Nf3 Nf6 4. g3 g6 5. Bg2 Bg7 6. O-O O-O 7. Ne5 Ne4 8. Nc3 Nxc3 9. bxc3 Bxe5 10. dxe5 dxc4 11. Qc2 Nd7 12. Rd1 Qc7 13. e6 fxe6 14. Bh6 Rf7 15. Rd4 e5 16. Rxc4 Nf6 17. Rd1 Be6 18. Rh4 Ng4 19. Bg5 Nxf2 20. Rf1 Raf8 21. Be3 Ng4 22. Bc5 Qa5 23. Bb4 Qb6+ 24. Kh1 Rxf1+ 0-1


[Site "https://www.chess.com"]

[Event "Titled Tuesday Blitz March 29 Early 2022"]
[White "Simonovic, Miroslav"]
[Black "Legenia, Artem"]
[WhiteFideId "919152"]
[BlackFideId "14136945"]
[WhiteElo "2043"]
[BlackElo "1936"]
[Result "0-1"]
[Round "06"]
[TimeControl "180+1"]
[Date "2022.03.30"]
[WhiteClock "0:00:01"]
[BlackClock "0:01:32"]

1. d4 Nf6 2. Bg5 e6 3. e4 d5 4. Bxf6 Qxf6 5. e5 Qg6 6. f4 c5 7. c3 Nc6 8. Nf3 cxd4 9. cxd4 Bd7 10. a3 Qe4+ 11. Be2 Qxf4 12. O-O Qe3+ 13. Kh1 Be7 14. Nc3 O-O 15. Rc1 Rac8 16. Nb5 a6 17. Rc3 Qh6 18. Nd6 Bxd6 19. exd6 Rfd8 20. Ne5 f6 21. Rh3 Qg5 22. Rg3 Qh4 23. Rg4 Qh6 24. Nxd7 Rxd7 25. Bd3 Rxd6 26. Qf3 Ne7 27. Qxf6 Qxf6 28. Rxf6 Rc1+ 29. Rf1 Rxf1+ 30. Bxf1 Rc6 31. Rf4 Rc2 32. h3 Rxb2 33. Kh2 Rd2 34. a4 Nf5 35. Rf3 Nxd4 36. Rc3 Nc6 37. Bd3 h6 38. Bb1 Kf7 39. Rb3 Na5 40. Rg3 b5 41. axb5 axb5 0-1


[Site "https://www.chess.com"]

[Event "Titled Tuesday Blitz March 29 Early 2022"]
[White "Srinath, Rao S.V."]
[Black "Mika, Tomasz"]
[WhiteFideId "5028876"]
[BlackFideId "1132970"]
[WhiteElo "2181"]
[BlackElo "2116"]
[Result "1-0"]
[Round "06"]
[TimeControl "180+1"]
[Date "2022.03.30"]
[WhiteClock "0:01:56"]
[BlackClock "0:00:56"]

1. e4 c6 2. d4 d5 3. e5 Bf5 4. h4 h5 5. Bd3 Bxd3 6. Qxd3 Qa5+ 7. Nd2 e6 8. Ne2 Nh6 9. c4 Qa6 10. b3 Nf5 11. Ng3 Nxg3 12. fxg3 Nd7 13. O-O dxc4 14. Nxc4 Be7 15. Bg5 b5 16. Qf3 Rf8 17. Nd6+ Bxd6 18. exd6 Nb6 19. Qxc6+ 1-0


[Site "https://www.chess.com"]

[Event "Titled Tuesday Blitz March 29 Early 2022"]
[White "Szpar, Milosz"]
[Black "Horak, Martin"]
[WhiteFideId "1184989"]
[BlackFideId "367095"]
[WhiteElo "2447"]
[BlackElo "1997"]
[Result "1-0"]
[Round "06"]
[TimeControl "180+1"]
[Date "2022.03.30"]
[WhiteClock "0:01:45"]
[BlackClock "0:01:38"]

1. e4 c5 2. Nf3 e6 3. d4 cxd4 4. Nxd4 Nc6 5. Nc3 Qc7 6. g3 a6 7. Bg2 Nf6 8. O-O Nxd4 9. Qxd4 Bc5 10. Bf4 d6 11. Qd3 h6 12. Na4 e5 13. Bd2 O-O 14. Nxc5 dxc5 15. h3 Rd8 16. Qe2 Be6 17. Be3 b5 18. a4 Bc4 19. Qf3 Bxf1 20. Bxf1 c4 21. Bxh6 Qc6 22. Bg5 bxa4 23. h4 Rd2 24. Bxd2 1-0


[Site "https://www.chess.com"]

[Event "Titled Tuesday Blitz March 29 Early 2022"]
[White "Tabatabaei, M. Amin"]
[Black "Steinberg, Nitzan"]
[WhiteFideId "12521213"]
[BlackFideId "2801795"]
[WhiteElo "2544"]
[BlackElo "2440"]
[Result "1/2-1/2"]
[Round "06"]
[TimeControl "180+1"]
[Date "2022.03.29"]
[WhiteClock "0:00:12"]
[BlackClock "0:00:14"]

1. d4 d5 2. Nf3 Nf6 3. c3 g6 4. Bf4 Bg7 5. h3 O-O 6. e3 b6 7. Nbd2 Bb7 8. a4 a6 9. Bd3 Nbd7 10. O-O c5 11. b4 Ne4 12. bxc5 bxc5 13. Qb3 Nxd2 14. Nxd2 Bc6 15. Qa3 c4 16. Be2 e5 17. dxe5 Nxe5 18. Bxe5 Bxe5 19. Nf3 Bd6 20. Qa2 Rb8 21. Nd4 Bd7 22. Bf3 Qg5 23. Rfb1 Bxh3 24. Rxb8 Rxb8 25. Rb1 Bd7 26. Rxb8+ Bxb8 27. a5 Qe5 28. Qb2 Bc7 29. Qb7 Qd6 30. Bxd5 Bxa5 31. Bxc4 Bxc3 32. Qxa6 Qxa6 33. Bxa6 Bxd4 34. exd4 Kf8 35. f4 Ke7 36. Kf2 Kd6 37. Ke3 Be6 38. Bd3 h5 39. g3 Bd5 40. Be2 Be6 41. Bd1 Bd5 42. f5 Ke7 43. Bf3 Bc4 44. d5 Kf6 45. fxg6 fxg6 46. Kd4 Bxd5 47. Kxd5 Kg5 48. Ke4 h4 49. g4 h3 50. Ke3 h2 51. Kf2 h1=Q 52. Bxh1 Kxg4 53. Bf3+ Kf4 54. Bg2 g5 55. Bf3 g4 56. Bg2 g3+ 57. Kf1 Ke3 58. Kg1 Kf4 59. Bf1 Kg4 60. Bg2 Kf4 61. Bh3 Kg5 62. Kg2 Kf6 63. Kxg3 1/2-1/2


[Site "https://www.chess.com"]

[Event "Titled Tuesday Blitz March 29 Early 2022"]
[White "Taboas Rodriguez, Daniel"]
[Black "Shohat, Yotam"]
[WhiteFideId "2208466"]
[BlackFideId "2813955"]
[WhiteElo "2429"]
[BlackElo "2119"]
[Result "0-1"]
[Round "06"]
[TimeControl "180+1"]
[Date "2022.03.30"]
[WhiteClock "0:00:02"]
[BlackClock "0:00:06"]

1. d4 Nf6 2. Nf3 c5 3. d5 b5 4. c4 a6 5. Bg5 Ne4 6. Bh4 g6 7. Nbd2 Qa5 8. Qc2 f5 9. e3 Bg7 10. Bd3 Nxd2 11. Nxd2 d6 12. O-O Nd7 13. e4 f4 14. Nf3 Ne5 15. Nxe5 Bxe5 16. a3 f3 17. gxf3 O-O 18. Qe2 Rb8 19. Bxe7 bxc4 20. Bxc4 Rxb2 21. Qe1 Qa4 22. Bxf8 Kxf8 23. Be2 Bh3 24. Qd1 Qd7 25. Kh1 Qf7 26. Rg1 h5 27. Rg3 Bd7 28. Rb1 h4 29. Rxb2 hxg3 30. Rb8+ Kg7 31. hxg3 g5 32. Kg2 Bd4 33. Qd2 Qh5 34. Rb7 Qh3+ 35. Kg1 Qxg3+ 36. Kh1 Qh3+ 37. Kg1 Qg3+ 38. Kh1 Bxf2 39. Rxd7+ Kf8 40. Rd8+ Ke7 41. Rd7+ Kxd7 42. Bb5+ axb5 43. Qd1 Qh3# 0-1


[Site "https://www.chess.com"]

[Event "Titled Tuesday Blitz March 29 Early 2022"]
[White "Tan, Jun Ying"]
[Black "Rustemov, Alexander"]
[WhiteFideId "5710413"]
[BlackFideId "4119002"]
[WhiteElo "1827"]
[BlackElo "2752"]
[Result "0-1"]
[Round "06"]
[TimeControl "180+1"]
[Date "2022.03.29"]
[WhiteClock "0:00:01"]
[BlackClock "0:00:09"]

1. d4 d5 2. c4 c6 3. Nf3 Nf6 4. e3 Bf5 5. Nc3 e6 6. Nh4 Be4 7. f3 Bg6 8. Qb3 Qc7 9. Bd2 Nbd7 10. O-O-O dxc4 11. Bxc4 b5 12. Be2 a6 13. Nxg6 hxg6 14. Kb1 c5 15. dxc5 Nxc5 16. Qc2 Rc8 17. Nxb5 axb5 18. Bxb5+ Ncd7 19. Qa4 Bc5 20. Bc3 Ke7 21. e4 Ra8 22. Qc2 Rhc8 23. Rd2 Qb7 24. a4 Nb6 25. Rhd1 Kf8 26. g4 Be7 27. g5 Ne8 28. Qb3 Qc7 29. Bd4 Rcb8 30. Bxe8 Nxa4 31. Qe3 Kxe8 32. Bxg7 Qb6 33. Bd4 Qb3 34. Rd3 Qb5 0-1


[Site "https://www.chess.com"]

[Event "Titled Tuesday Blitz March 29 Early 2022"]
[White "Tasev, Dejan"]
[Black "Zaksaite, Salomeja"]
[WhiteFideId "936618"]
[BlackFideId "12801496"]
[WhiteElo "2253"]
[BlackElo "1953"]
[Result "1-0"]
[Round "06"]
[TimeControl "180+1"]
[Date "2022.03.30"]
[WhiteClock "0:02:39"]
[BlackClock "0:02:31"]

1. e4 c5 2. Nf3 e6 3. c4 Nc6 4. Nc3 Nf6 5. d4 cxd4 6. Nxd4 Bb4 7. Nxc6 bxc6 8. Bd3 d5 9. cxd5 cxd5 10. Qa4+ Bd7 11. Qxb4 Rb8 12. Qa3 1-0


[Site "https://www.chess.com"]

[Event "Titled Tuesday Blitz March 29 Early 2022"]
[White "Tiarks, Jann-Christian"]
[Black "Biletskiy, Danylo"]
[WhiteFideId "12951595"]
[BlackFideId "14155419"]
[WhiteElo "2176"]
[BlackElo "2087"]
[Result "1-0"]
[Round "06"]
[TimeControl "180+1"]
[Date "2022.03.30"]
[WhiteClock "0:00:39"]
[BlackClock "0:00:03"]

1. e4 e5 2. Nf3 Nc6 3. d4 exd4 4. Nxd4 Nf6 5. Nc3 Bb4 6. Nxc6 bxc6 7. Bd3 O-O 8. O-O d5 9. exd5 cxd5 10. h3 c6 11. Qf3 Be6 12. Bf4 Bd6 13. Ne2 Rb8 14. b3 c5 15. Rad1 Qc7 16. Bxd6 Qxd6 17. Ng3 Nd7 18. Rfe1 g6 19. Qe3 Rfd8 20. Qh6 Qf8 21. Qg5 c4 22. Be2 a5 23. Bf3 Nb6 24. Nh5 h6 25. Nf6+ Kg7 26. Qe5 Kh8 27. Nd7+ Qg7 28. Qxg7+ Kxg7 29. Nxb8 Rxb8 30. bxc4 dxc4 31. Rd6 Na4 32. Ra6 Rb2 33. Rxa5 Nc3 34. Ra7 Kf6 35. a4 Rxc2 36. a5 Ra2 37. a6 Nd5 38. Bxd5 Bxd5 39. Rd7 Be6 40. Rd6 Ke7 41. Rb6 Kf8 42. Rb8+ Kg7 43. Rb7 Bd5 44. Rd7 Bc6 45. Rc7 Rxa6 46. Ree7 Bd5 47. Rcd7 Ra5 48. Re5 Ra1+ 49. Kh2 c3 50. Rc7 Be6 51. Rxe6 c2 52. Rec6 Ra3 53. Rxc2 Rd3 54. Re2 Rd5 55. g4 h5 56. Ree7 hxg4 57. Rxf7+ Kh6 58. hxg4 Kg5 59. Kg3 Rd3+ 60. f3 Ra3 61. Rc5+ Kh6 62. g5+ 1-0


[Site "https://www.chess.com"]

[Event "Titled Tuesday Blitz March 29 Early 2022"]
[White "Todorovic, Bojan"]
[Black "Ambartsumova, Karina"]
[WhiteFideId "917087"]
[BlackFideId "4166299"]
[WhiteElo "2266"]
[BlackElo "2262"]
[Result "1/2-1/2"]
[Round "06"]
[TimeControl "180+1"]
[Date "2022.03.30"]
[WhiteClock "0:00:15"]
[BlackClock "0:00:01"]

1. d4 Nf6 2. Bg5 e6 3. Nd2 h6 4. Bh4 d5 5. e3 Be7 6. Bd3 c5 7. c3 Nc6 8. Ngf3 Nd7 9. Bg3 O-O 10. O-O f5 11. c4 Nf6 12. Ne5 cxd4 13. Nxc6 bxc6 14. exd4 c5 15. dxc5 Bxc5 16. Nb3 Bd6 17. Bxd6 Qxd6 18. c5 Qc7 19. Rc1 e5 20. Qe2 e4 21. Ba6 f4 22. Bxc8 Raxc8 23. Nd4 Rce8 24. Qa6 Qe5 25. Rfd1 Qh5 26. Qd6 Ng4 27. h3 Ne5 28. Qxd5+ Kh8 29. Qxe4 f3 30. c6 fxg2 31. c7 Nf3+ 32. Qxf3 Rxf3 33. Nxf3 Qxf3 34. Rd8 Qxh3 35. Rxe8+ Kh7 36. Rh8+ Kg6 37. Rc6+ Kg5 38. Rc5+ Kg6 39. Rc6+ Kg5 40. Rc5+ Kg6 41. Rc6+ 1/2-1/2


[Site "https://www.chess.com"]

[Event "Titled Tuesday Blitz March 29 Early 2022"]
[White "Tregubov, Pavel V."]
[Black "Tymrakiewicz, Rafal"]
[WhiteFideId "4115341"]
[BlackFideId "1108832"]
[WhiteElo "2341"]
[BlackElo "2205"]
[Result "1-0"]
[Round "06"]
[TimeControl "180+1"]
[Date "2022.03.30"]
[WhiteClock "0:00:09"]
[BlackClock "0:00:01"]

1. e4 Nf6 2. e5 Nd5 3. d4 d6 4. Nf3 g6 5. Bc4 Nb6 6. Bb3 d5 7. Nbd2 Bg7 8. Nf1 Nc6 9. c3 f6 10. exf6 exf6 11. h4 Qe7+ 12. Ne3 Bf5 13. Kf1 Be6 14. a4 a5 15. h5 O-O-O 16. Qd3 Rhe8 17. Bd2 Qf7 18. Re1 Nc4 19. Bc1 Re7 20. Bc2 Nxe3+ 21. Rxe3 Bf5 22. Qd1 Bxc2 23. Qxc2 Rde8 24. Qd3 Re4 25. Qb5 g5 26. Rxe4 dxe4 27. Ne1 h6 28. Qf5+ Kb8 29. Nc2 Qe6 30. Ne3 Qxf5 31. Nxf5 Bf8 32. Ke2 Ne7 33. Nxe7 Rxe7 34. g4 f5 35. gxf5 Rf7 36. Rg1 Rxf5 37. Rg4 Kc8 38. Rxe4 Kd7 39. f3 Bd6 40. c4 c6 41. Bd2 Bc7 42. b3 Rf6 43. Kf2 Re6 44. Ke2 Rf6 45. Bc3 Rf7 46. d5 cxd5 47. cxd5 b6 48. Re6 Re7 49. Rxe7+ Kxe7 50. Kd3 Kf7 51. Ke4 Bd6 52. Bd4 Bc7 53. Be5 Bd8 54. f4 g4 55. f5 Bg5 56. d6 Ke8 57. Kd5 Kd7 58. f6 g3 59. f7 g2 60. f8=Q g1=Q 61. Qf7+ 1-0


[Site "https://www.chess.com"]

[Event "Titled Tuesday Blitz March 29 Early 2022"]
[White "Tsydypov, Zhamsaran"]
[Black "Kucuksari, Kaan"]
[WhiteFideId "4108566"]
[BlackFideId "6380166"]
[WhiteElo "2614"]
[BlackElo "2305"]
[Result "1-0"]
[Round "06"]
[TimeControl "180+1"]
[Date "2022.03.29"]
[WhiteClock "0:01:24"]
[BlackClock "0:00:04"]

1. e4 c5 2. Nf3 Nc6 3. Bb5 g6 4. O-O Bg7 5. Re1 e5 6. c3 Nge7 7. d4 cxd4 8. cxd4 Nxd4 9. Nxd4 exd4 10. Na3 O-O 11. e5 Nc6 12. Nc4 d5 13. exd6 Be6 14. Bf4 Rc8 15. Rc1 a6 16. Bxc6 Rxc6 17. b3 b5 18. Nd2 Rc3 19. Ne4 b4 20. Bg5 Qd7 21. Qd2 Rfc8 22. Rcd1 Rc2 23. Qxb4 Bd5 24. Qa4 Bc6 25. Qxa6 Ra8 26. Qd3 Raxa2 27. Qh3 Qxh3 28. gxh3 Re2 29. Rxe2 Rxe2 30. Rc1 Bd7 31. Nc5 Bf5 32. d7 Bxd7 33. Nxd7 h6 34. Rc8+ Kh7 35. Nf6+ Bxf6 36. Bxf6 g5 37. Bxd4 Kg6 38. b4 Re4 39. Bc5 Re1+ 40. Kg2 Rb1 41. Rc6+ Kh5 42. Bf8 g4 43. Rxh6+ Kg5 44. hxg4 Kxg4 45. Rf6 Kg5 46. Rxf7 Kg6 47. Rf3 Rb2 48. Bc5 Kg5 49. h3 Kh4 50. Rf4+ Kh5 51. Rg4 Rb3 52. f3 Rb2+ 53. Kg3 Rb1 54. h4 Rb3 55. Rg5+ Kh6 56. Kg4 Rb1 57. f4 Rd1 58. h5 Rd7 59. Rg6+ Kh7 60. Kg5 Rf7 61. f5 Rd7 62. h6 Rd5 63. Rg7+ Kh8 64. Rc7 Rd8 65. b5 1-0


[Site "https://www.chess.com"]

[Event "Titled Tuesday Blitz March 29 Early 2022"]
[White "Tsyhanchuk, Stanislav"]
[Black "Avila Pavas, Santiago"]
[WhiteFideId "13505130"]
[BlackFideId "4437128"]
[WhiteElo "2078"]
[BlackElo "2242"]
[Result "0-1"]
[Round "06"]
[TimeControl "180+1"]
[Date "2022.03.29"]
[WhiteClock "0:00:02"]
[BlackClock "0:00:33"]

1. e4 Nf6 2. e5 Nd5 3. d4 d6 4. c4 Nb6 5. f4 g5 6. Nc3 Bg7 7. g3 gxf4 8. gxf4 dxe5 9. fxe5 Nc6 10. Be3 Bf5 11. Qd2 e6 12. O-O-O Nb4 13. a3 a5 14. axb4 axb4 15. Nb1 Ra1 16. Bd3 Nxc4 17. Qe2 Nxe3 18. Qxe3 h5 19. Ne2 Bh6 20. Nf4 Bxd3 21. Rxd3 Qh4 22. Rf1 Rg8 23. Kc2 Rg4 24. Qe4 Rxf4 25. Rxf4 Qxf4 26. Qxf4 Bxf4 27. Rh3 b6 28. Nd2 Re1 29. Nc4 Re2+ 30. Kb3 Rxh2 31. Rxh2 Bxh2 32. Kxb4 h4 33. Ne3 h3 34. Ng4 Bg3 35. Nf6+ Ke7 36. Ne4 Bh4 0-1


[Site "https://www.chess.com"]

[Event "Titled Tuesday Blitz March 29 Early 2022"]
[White "Vakhlamov, Igor L."]
[Black "Alinasab, Mobina"]
[WhiteFideId "24126748"]
[BlackFideId "12528897"]
[WhiteElo "2401"]
[BlackElo "2052"]
[Result "1-0"]
[Round "06"]
[TimeControl "180+1"]
[Date "2022.03.29"]
[WhiteClock "0:00:21"]
[BlackClock "0:00:01"]

1. e4 c5 2. Nf3 e6 3. Nc3 Nc6 4. Bb5 Nd4 5. Bd3 d6 6. O-O Nxf3+ 7. Qxf3 Nf6 8. Qg3 a6 9. b3 b5 10. Bb2 Bb7 11. Rae1 Qc7 12. f4 c4 13. Be2 b4 14. e5 dxe5 15. fxe5 bxc3 16. Bxc3 Ne4 17. Qf4 Nxc3 18. dxc3 cxb3 19. cxb3 Bc5+ 20. Kh1 O-O 21. Bd3 Rad8 22. Be4 Bxe4 23. Rxe4 Be7 24. Rc4 Qb7 25. h3 Rd5 26. Qg3 Qb8 27. Re1 f6 28. Rg4 Rf7 29. Rge4 Rxe5 30. Rxe5 fxe5 31. Qd3 Qd6 32. Qe2 g6 33. Rd1 Qc7 34. Qxa6 Qxc3 35. Qxe6 Kg7 36. a4 Bh4 37. Qd5 Bg3 38. a5 Bf4 39. Qd3 Qxd3 40. Rxd3 e4 41. Rd4 e3 42. Re4 Bg5 43. g3 Ra7 44. h4 Bf6 45. b4 Kf7 46. Rxe3 Be7 47. Re4 Rb7 48. a6 Rb6 49. Rf4+ Ke6 50. Re4+ Kd7 51. b5 1-0


[Site "https://www.chess.com"]

[Event "Titled Tuesday Blitz March 29 Early 2022"]
[White "Vestby-Ellingsen, Mads"]
[Black "Hernandez Jimenez, Alexander Andres"]
[WhiteFideId "1520857"]
[BlackFideId "3900452"]
[WhiteElo "2232"]
[BlackElo "2082"]
[Result "1/2-1/2"]
[Round "06"]
[TimeControl "180+1"]
[Date "2022.03.30"]
[WhiteClock "0:00:02"]
[BlackClock "0:00:06"]

1. d4 Nf6 2. Bf4 d5 3. e3 c6 4. c4 Bf5 5. Nc3 e6 6. Qb3 Qb6 7. c5 Qxb3 8. axb3 Nbd7 9. b4 Be7 10. b5 Ne4 11. Nxe4 dxe4 12. bxc6 bxc6 13. Ba6 e5 14. Bg3 O-O 15. Bb7 Rab8 16. Rxa7 Nxc5 17. Bxc6 Nd3+ 18. Kd2 Rxb2+ 19. Kc3 Bb4+ 20. Kc4 Rc2+ 21. Kb5 Rb8+ 22. Rb7 Rxb7+ 23. Bxb7 Bd7+ 24. Kb6 Bd6 25. Nh3 Rb2+ 26. Ka7 Bc7 27. Bxe4 Bb8+ 28. Ka8 Nb4 29. Kxb8 Nd5+ 30. Ka7 Ra2+ 31. Kb7 Rb2+ 32. Ka6 Ra2+ 33. Kb7 Rb2+ 34. Ka7 Ra2+ 35. Kb8 Rb2+ 36. Ka7 1/2-1/2


[Site "https://www.chess.com"]

[Event "Titled Tuesday Blitz March 29 Early 2022"]
[White "Vlassov, Nikolai"]
[Black "De Silva, L M S T"]
[WhiteFideId "4103360"]
[BlackFideId "9953698"]
[WhiteElo "2407"]
[BlackElo "1631"]
[Result "0-1"]
[Round "06"]
[TimeControl "180+1"]
[Date "2022.03.29"]
[WhiteClock "0:00:06"]
[BlackClock "0:00:08"]

1. e4 e5 2. Bc4 Nf6 3. d3 Nc6 4. Nf3 h6 5. O-O d6 6. h3 g5 7. Nh2 Be6 8. Nc3 d5 9. exd5 Nxd5 10. Bb5 Nxc3 11. Bxc6+ bxc6 12. bxc3 Bg7 13. Rb1 O-O 14. Re1 f5 15. Nf3 e4 16. Nd4 Bxd4 17. cxd4 Bxa2 18. Rb2 Bf7 19. dxe4 fxe4 20. Rxe4 Bd5 21. Re5 Qf6 22. Be3 a5 23. Qd3 a4 24. c4 a3 25. Ra2 Bf7 26. Rc5 Bg6 27. Qc3 g4 28. hxg4 Rab8 29. g5 hxg5 30. Rxg5 Rf7 31. Rxa3 Rb1+ 32. Kh2 Kh7 33. d5 Qd6+ 34. Rg3 Rf5 35. f4 Rh5+ 36. Rh3 Rxh3+ 37. Kxh3 Bf5+ 38. g4 Qh6+ 39. Kg3 Rh1 0-1


[Site "https://www.chess.com"]

[Event "Titled Tuesday Blitz March 29 Early 2022"]
[White "Vokhidov, Shamsiddin"]
[Black "Zakhartsov, Vladimir"]
[WhiteFideId "14204223"]
[BlackFideId "4145097"]
[WhiteElo "2611"]
[BlackElo "2433"]
[Result "1-0"]
[Round "06"]
[TimeControl "180+1"]
[Date "2022.03.29"]
[WhiteClock "0:01:28"]
[BlackClock "0:00:03"]

1. e4 c6 2. d4 d5 3. e5 Bf5 4. h4 h5 5. Bd3 Bxd3 6. Qxd3 e6 7. Bg5 Qa5+ 8. Nd2 Qa6 9. c4 Bb4 10. b3 Nd7 11. Nf3 Ne7 12. O-O Nf5 13. Rfd1 O-O 14. Nf1 f6 15. exf6 Nxf6 16. Ne5 Ne4 17. Qe2 Nc3 18. Qxh5 Nxd1 19. Rxd1 Qxa2 20. Ng6 Nh6 21. Nxf8 Rxf8 22. Bxh6 Qxf2+ 23. Kh1 gxh6 24. Qg6+ Kh8 25. Qxh6+ Kg8 26. Qxe6+ Kh7 27. Qg4 Rf4 28. Qh5+ Kg7 29. Qg5+ Kh7 30. Ng3 Bf8 31. Rf1 Qxf1+ 32. Nxf1 Rxf1+ 33. Kh2 Bd6+ 34. Kh3 dxc4 35. bxc4 Rh1+ 36. Kg4 Rf1 37. g3 Rf7 38. Kh3 Rg7 39. Qf5+ Kg8 40. Qe6+ 1-0


[Site "https://www.chess.com"]

[Event "Titled Tuesday Blitz March 29 Early 2022"]
[White "Vovk, Orest"]
[Black "Mogirzan, Matei-Valeriu"]
[WhiteFideId "14113490"]
[BlackFideId "1257455"]
[WhiteElo "2203"]
[BlackElo "1733"]
[Result "1-0"]
[Round "06"]
[TimeControl "180+1"]
[Date "2022.03.30"]
[WhiteClock "0:00:10"]
[BlackClock "0:00:01"]

1. h4 e5 2. h5 Nf6 3. h6 g6 4. Nc3 d5 5. d3 Bc5 6. e3 Nc6 7. Nf3 Bg4 8. Be2 Qe7 9. d4 exd4 10. Nxd4 Bxe2 11. Ncxe2 Nxd4 12. Nxd4 O-O-O 13. c3 Ne4 14. Bd2 Qg5 15. Qf3 Nxd2 16. Kxd2 Bxd4 17. cxd4 f5 18. g3 Qe7 19. a3 Rd6 20. Rhc1 Re8 21. b4 Qe4 22. Qf4 Qg2 23. Rg1 Qe4 24. Rac1 Qxf4 25. gxf4 c6 26. Rc5 b6 27. Rc3 Kb7 28. Rgc1 Rg8 29. b5 Rc8 30. a4 Re6 31. Ke2 Rd6 32. Kf3 Re6 33. Kg3 Rc7 34. Kh4 Rd6 35. Kg5 Re6 36. bxc6+ Kc8 37. a5 b5 38. a6 b4 39. Rc5 b3 40. Rxd5 Rexc6 41. Rxc6 Rxc6 42. Rb5 Rb6 43. Rc5+ Kd7 44. Rc1 Rxa6 45. Rb1 Rb6 46. f3 a5 47. e4 fxe4 48. fxe4 a4 49. f5 a3 50. f6 a2 51. Rf1 b2 52. f7 b1=Q 53. f8=Q Qxf1 54. Qxf1 Ra6 55. Qa1 1-0


[Site "https://www.chess.com"]

[Event "Titled Tuesday Blitz March 29 Early 2022"]
[White "Wu, Sibo"]
[Black "Suarez Uriel, Adrian"]
[WhiteFideId "8606048"]
[BlackFideId "22230874"]
[WhiteElo "2340"]
[BlackElo "2316"]
[Result "0-1"]
[Round "06"]
[TimeControl "180+1"]
[Date "2022.03.30"]
[WhiteClock "0:00:23"]
[BlackClock "0:01:48"]

1. d4 Nf6 2. Bf4 c5 3. e3 Qb6 4. Na3 d5 5. Nb5 Na6 6. c3 e6 7. a4 Be7 8. Nf3 O-O 9. Bd3 Ne4 10. Ne5 f6 11. Nf3 Bd7 12. h4 c4 13. Bxe4 dxe4 14. Nd2 Bxb5 15. axb5 Qxb5 16. Nxe4 e5 17. dxe5 fxe5 18. Bg5 Rae8 19. Qc2 h6 20. Bxe7 Rxe7 21. O-O Nc5 22. Nd6 Qc6 23. Nxc4 e4 24. Rxa7 Nd3 25. Qb3 Ref7 26. Na5 Qc5 27. Rxb7 Qxa5 28. f3 Nc5 0-1


[Site "https://www.chess.com"]